 Dungeon Crawl Stone Soup version 0.28.0-53-g5a82cb258f (webtiles) character file.

Game seed: 16091894372441444030

1341 SanguineChosen the Cudgeller (level 8, -9/48 HPs)
             Began as a Gargoyle Fighter on July 20, 2022.
             Mangled by an orc warrior
             ... wielding a +3 dire flail
              (17 damage)
             ... on level 6 of the Dungeon.
             The game lasted 00:13:12 (6756 turns).

SanguineChosen the Cudgeller (Gargoyle Fighter)     Turns: 6756, Time: 00:13:12

Health: -9/48      AC: 20    Str: 23    XL:     8   Next: 62%
Magic:  8/8        EV: 14    Int:  8    God:
Gold:   235        SH:  4    Dex:  9    Spells: 7/7 levels left

rFire   . . .      SeeInvis .   q - +0 flail (protect)
rCold   . . .      Faith    .   c - +0 buckler
rNeg    + . .      Spirit   .   b - +0 scale mail
rPois   ∞          Reflect  .   (no helmet)
rElec   +          Harm     .   (no cloak)
rCorr   .          Rampage  .   (no gloves)
Will    .....                   (no boots)
Stlth   ..........              (no amulet)
HPRegen 0.16/turn               m - +4 ring of evasion
MPRegen 0.11/turn               (no ring)

@: under a protective aura
A: sickness immunity, AC +5, negative energy resistance 1, electricity
resistance, torment resistance 1, petrification resistance
a: no special abilities


You were on level 6 of the Dungeon.
You visited 1 branch of the dungeon, and saw 6 of its levels.

You collected 235 gold pieces.

Inventory:

Hand Weapons
 a - a +0 flail of electrocution
 h - a +2 short sword of speed
 q - a +0 flail of protection (weapon)
Armour
 b - a +0 scale mail (worn)
 c - a +0 buckler (worn)
Jewellery
 m - a +4 ring of evasion (left hand)
 r - an amulet of faith
Wands
 f - a wand of flame (12)
 o - a wand of iceblast (8)
Scrolls
 e - a scroll of fear {unknown}
 j - a scroll of vulnerability {unknown}
 n - 2 scrolls of teleportation
Potions
 d - a potion of might
 g - 3 potions of haste
 i - a potion of lignification
 k - a potion of attraction {unknown}


   Skills:
 + Level 4.9 Fighting
 - Level 2.1 Short Blades
 + Level 6.5 Maces & Flails
 + Level 6.1 Armour
 + Level 2.5 Dodging
 + Level 1.1 Stealth
 + Level 4.9 Shields


You had 7 spell levels left.
You didn't know any spells.
Your spell library contained the following spells:

 Spells                   Type           Power      Damage    Failure   Level
 Call Canine Familiar     Summ           0%         N/A       98%         3
 Portal Projectile        Hex/Tloc       0%         N/A       98%         3
 Leda's Liquefaction      Hex/Erth       0%         N/A       100%        4
 Summon Ice Beast         Ice/Summ       0%         N/A       100%        4
 Summon Mana Viper        Hex/Summ       0%         N/A       100%        5
 Monstrous Menagerie      Summ           0%         N/A       100%        7


Dungeon Overview and Level Annotations

Branches:
Dungeon (6/15)             Temple (0/1) D:5

Altars:


Innate Abilities, Weirdness & Mutations

You are immune to sickness and miasma.
Your stone body is resilient. (AC +5)
You are immune to poison.
You resist negative energy. (rN+)
You are resistant to electric shocks. (rElec)
You are resistant to unholy torment.
You are immune to petrification.


Message History

You hit the orc warrior.
Your weapon exudes an aura of protection.
The orc warrior is lightly wounded.
The orc warrior completely misses you.
You hit the orc warrior but do no damage.
The orc warrior is lightly wounded.
The orc warrior hits you but does no damage.
You hit the orc warrior but do no damage.
The orc warrior is lightly wounded.
The orc warrior hits you but does no damage.
You barely miss the orc warrior.
The orc warrior is lightly wounded.
The orc warrior barely misses you.
You hit the orc warrior.
The orc warrior is lightly wounded.
The orc warrior closely misses you.
You hit the orc warrior.
The orc warrior is moderately wounded.
The orc warrior completely misses you.
You hit the orc warrior.
The orc warrior is heavily wounded.
The orc warrior closely misses you.
You barely miss the orc warrior.
The orc warrior is heavily wounded.
The orc warrior hits you with a +3 dire flail!
You sock the orc warrior!
The orc warrior is severely wounded.
The orc warrior hits you with a +3 dire flail!
The orc warrior misses you.
You sock the orc warrior!
The orc warrior is almost dead.
The orc warrior closely misses you.
You hit the orc warrior but do no damage.
The orc warrior is almost dead.
The orc warrior hits you with a +3 dire flail!
* * * LOW HITPOINT WARNING * * *
You hit the orc warrior but do no damage.
The orc warrior is almost dead.
The orc warrior hits you with a +3 dire flail!
You die...

#........# ###
......
#.##...#.###..
#.....
#...#.....##.#
#..
#..###....##.#
#.. #.#
##...##.#####
#... ..#
##.........# #...
## #.#.##.###.#
#...
#.##.##.###.###.#
..... #..
..##.@o......#
...... #..
#########.#####
...... ##+ #


You could see an orc warrior.

Vanquished Creatures
  A steam dragon (D:5)
  3 ogres
  A centaur (D:5)
  A phantom (D:3)
  3 scorpions
  A howler monkey (D:5)
  A centaur zombie (D:6)
  2 hounds
  2 gnoll shamans (D:4)
  2 iguanas (D:5)
  2 orc wizards
  A scorpion zombie (D:5)
  A mummy (D:4)
  11 gnolls (D:4)
  8 adders
  2 worms
  5 dart slugs
  9 orcs
  7 ball pythons
  5 bats (D:1)
  10 endoplasms
  4 giant cockroaches
  6 goblins
  7 hobgoblins
  6 quokkas
  4 frilled lizards (D:1)
  A hobgoblin zombie (D:4)
  3 kobolds
  An orc zombie (D:4)
  23 rats
133 creatures vanquished.

Vanquished Creatures (others)
  A gnoll (D:5)
1 creature vanquished.

Grand Total: 134 creatures vanquished

Notes
Turn   | Place    | Note
-------+----------+-------------------------------------------
     0 | D:1      | SanguineChosen the Gargoyle Fighter began the quest for the
                  | Orb.
     0 | D:1      | Reached XP level 1. HP: 14/14 MP: 1/1
   172 | D:1      | Reached XP level 2. HP: 14/19 MP: 2/2
   248 | D:1      | Found a faded altar of an unknown god.
   643 | D:1      | Reached XP level 3. HP: 23/23 MP: 3/3
  1182 | D:2      | Reached XP level 4. HP: 29/29 MP: 4/4
  1820 | D:3      | Noticed a phantom
  1835 | D:3      | Killed a phantom
  1836 | D:3      | Reached skill level 1 in Dodging
  1836 | D:3      | Reached XP level 5. HP: 26/33 MP: 5/5
  3117 | D:4      | Noticed an ogre
  3137 | D:4      | Killed an ogre
  3138 | D:4      | Reached skill level 1 in Short Blades
  3138 | D:4      | Reached skill level 5 in Armour
  3138 | D:4      | Reached XP level 6. HP: 35/38 MP: 6/6
  4155 | D:4      | Reached XP level 7. HP: 42/43 MP: 7/7
  5024 | D:5      | Entered Level 5 of the Dungeon
  5088 | D:5      | Reached skill level 1 in Stealth
  5294 | D:5      | Reached skill level 5 in Maces & Flails
  5514 | D:5      | Found a staircase to the Ecumenical Temple.
  5682 | D:5      | Reached XP level 8. HP: 42/48 MP: 8/8
  6756 | D:6      | Mangled by an orc warrior

Illustrated notes

Levels and vault maps discovered:
D:1:      saegor_arrival_simple_a, layout_basic,
          hellmonk_ecumenical_altar_pennies_from_heaven,
          minmay_misc_feat_enclosed
D:2:      layout_basic
D:3:      layout_loops_corners, hangedman_decor_push, kennysheep_generic_room_7
D:4:      layout_loops_corners, nicolae_ossuary_entry_giza, minmay_rat_hole
D:5:      layout_loops_ring, minmay_temple_entry_glassed_door, st_stairs_10,
          minmay_checkerbox
D:6:      layout_loops_corners

Skill      XL: |  1  2  3  4  5  6  7  8 |
---------------+-------------------------+-----
Shields        | 4 |  4.9
Maces & Flails | 3 4 5 6 |  6.5
Armour         | 4 5 6 |  6.1
Dodging        | 1 2 |  2.5
Short Blades   | 1 2 |  2.1
Fighting       | 4 |  4.9
Stealth        | 1 |  1.1

Action                   |  1- 3 |  4- 6 |  7- 9 || total
-------------------------+-------+-------+-------++-------
Melee: Flail             |   116 |    57 |   201 ||   374
       Short sword       |       |   213 |       ||   213
  Use: Scroll            |     1 |       |    11 ||    12
       Potion            |       |       |     2 ||     2
Armor: Scale mail        |    79 |    88 |    94 ||   261
Dodge: Dodged            |    63 |    98 |   169 ||   330
Block: Buckler           |    19 |    41 |    62 ||   122
